 Seeded DCSS version 0.29-a0-993-g4a18f31a58 (webtiles) character file.

Game seed: 8107409582144026534 (custom seed)

8 flotson the Sneak (level 2, 0/24 HPs)
             Began as a Demonspawn Delver on Aug 2, 2022.
             Killed from afar by an orc wizard (4 damage)
             ... with a puff of flame
             ... on level 4 of the Dungeon.
             The game lasted 00:02:07 (320 turns).

flotson the Sneak (Demonspawn Delver)                Turns: 320, Time: 00:02:07

Health: 0/24       AC:  9    Str: 12    XL:     2   Next: 0%
Magic:  2/2        EV:  5    Int: 11    God:
Gold:   55         SH:  0    Dex: 14    Spells: 1/1 levels left

rFire   . . .      SeeInvis .   a - +0 spear
rCold   . . .      Faith    .   (no shield)
rNeg    . . .      Spirit   .   h - +0 chain mail
rPois   .          Reflect  .   (no helmet)
rElec   .          Harm     .   (no cloak)
rCorr   .          Rampage  .   (no gloves)
Will    .....                   (no boots)
Stlth   ..........              (no amulet)
HPRegen 0.08/turn               (no ring)
MPRegen 0.08/turn               (no ring)

@: no status effects
A: sharp scales 1
a: no special abilities


You were on level 4 of the Dungeon.
You visited 1 branch of the dungeon, and saw 3 of its levels.

You collected 69 gold pieces.
You spent 14 gold pieces at shops.

Inventory:

Hand Weapons
 a - a +0 spear (weapon)
Armour
 h - a +0 chain mail (worn)
Wands
 g - a wand of digging (3)
Scrolls
 b - a scroll of teleportation {unknown}
 c - a scroll of fog


   Skills:
 + Level 3.1 Fighting
 + Level 0.3(1.2) Axes
 - Level 1.7(1.8) Polearms
 + Level 0.3 Armour
 + Level 1.9 Dodging
 - Level 4.5 Stealth
 + Level 0.4 Evocations


You had one spell level left.
You didn't know any spells.
Your spell library contained the following spells:

 Spells                   Type           Power      Damage    Failure   Level
 Apportation              Tloc           0%         N/A       100%        1
 Alistair's Intoxication  Tmut/Pois      0%         N/A       100%        5


Dungeon Overview and Level Annotations

Branches:
Dungeon (5/15)
 Temple: D:4-7

Altars:
Kikubaaqudgha
Nemelex Xobeh
Ru

Shops:
D:3 ?


Innate Abilities, Weirdness & Mutations

You are partially covered in razor-sharp scales. (AC +1, Slay +1)


Message History

You hit something but do no damage.
You hear some strange, mumbled words.
A puff of flame appears from out of thin air!
The puff of flame hits you.
You miss something. Something hits you but does no damage.
You barely miss something.
An orc wizard appears from thin air!
Reactivating autopickup.
The orc wizard hits you with a +0 dagger.
You barely miss the orc wizard.
The orc wizard hits you but does no damage.
You hit the orc wizard.
The orc wizard is lightly wounded.
The orc wizard hits you with a +0 dagger.
You barely miss the orc wizard.
The orc wizard is lightly wounded.
The orc wizard barely misses you.
You closely miss the orc wizard.
The orc wizard is lightly wounded.
The orc wizard hits you but does no damage.
You hit the orc wizard but do no damage.
The orc wizard is lightly wounded.
The orc wizard gestures at you while chanting.
The puff of flame hits you.
* * * LOW HITPOINT WARNING * * *
You aren't carrying any potions.
As you read the scroll of fear, it crumbles to dust.
You assume a fearsome visage.
The orc wizard looks frightened!
The orc wizard casts a spell.
The orc wizard flickers and vanishes!
Deactivating autopickup; reactivate with Ctrl-A.
There is a stone staircase leading up here.
You climb upwards.
Reactivating autopickup.
There is a stone staircase leading down here.
You climb downwards.
There is a stone staircase leading up here.
A puff of flame appears from out of thin air!
Deactivating autopickup; reactivate with Ctrl-A.
The puff of flame hits you.
You die...

#.###...#
#.....#
#..####
#..#
#####.####
#.......{#
#........#
#........#
#..<.@.)<#
#......[.#
##########


There were no monsters in sight!

Vanquished Creatures
  2 orcs
  A goblin (D:3)
  A quokka (D:3)
  2 kobolds (D:3)
6 creatures vanquished.

Notes
Turn   | Place    | Note
-------+----------+-------------------------------------------
     0 | D:5      | flotson the Demonspawn Delver began the quest for the Orb.
     0 | D:5      | Reached XP level 1. HP: 18/18 MP: 1/1
    15 | D:5      | Noticed a hound
    81 | D:5      | Noticed a scorpion
   151 | D:3      | Found a sacrificial altar of Ru.
   151 | D:3      | Found an ancient bone altar of Kikubaaqudgha.
   154 | D:3      | Found a sparkling altar of Nemelex Xobeh.
   199 | D:3      | Found Retyzae's Magic Scroll Emporium.
   242 | D:3      | Bought a scroll of noise for 14 gold pieces
   247 | D:3      | Noticed an orc wizard
   283 | D:4      | Gained mutation: You are partially covered in razor-sharp
                  | scales. (AC +1, Slay +1) [demonic ancestry]
   283 | D:4      | Reached XP level 2. HP: 23/24 MP: 2/2
   320 | D:4      | Killed from afar by an orc wizard

Illustrated notes

Levels and vault maps discovered:
D:3:      layout_basic, nicolae_overflow_hidden_temple, serial_shops,
          nicolae_square_shop, nicolae_shop_crystal,
          nicolae_shop_hallway_stairs, nicolae_shop_waterfront,
          nicolae_shop_trees, shapermc_ecumenical_altar_rom_forum
D:4:      layout_rooms, hangedman_decor_peaks_small
D:5:      layout_basic, mainiacjoe_overflow_catwalk, hangedman_decor_lopped

Action                   || total
-------------------------++-------
Melee: Spear             ||    38
  Use: Scroll            ||     2
       Potion            ||     1
Armor: Chain mail        ||    22
Dodge: Dodged            ||     8

Table legend: (Time is in decaauts)
 A = Elapsed time spent in this place.
 B = Non-inter-level travel time spent in this place.
 C = Inter-level travel time spent in this place.
 D = Time resting spent in this place.
 E = Time spent auto-exploring this place.
 F = Levels seen in this place.
 G = Mean time per level.
                   A        B        C        D        E       F      G
               +--------+--------+--------+--------+--------+-----+--------+
         Total |    305 |    295 |     10 |      2 |     77 |   3 |  101.7 |
       Dungeon |    305 |    295 |     10 |      2 |     77 |   3 |  101.7 |
               +--------+--------+--------+--------+--------+-----+--------+

Top non-repeatable levels by time:
     D:3: 140 daAuts
     D:5: 103 daAuts
     D:4: 60 daAuts
